 Dungeon Crawl Stone Soup version 0.29-a0-643-ga013cefcf8 (webtiles) character file.

Game seed: 14262263125243531569

17964 greenreed the Summoner (level 12, -2/91 HPs)
             Began as a Gnoll Summoner on June 19, 2022.
             Was an Elder of Nemelex Xobeh.
             Killed by the raging water
             ... invoked by a water nymph
              (28 damage)
             ... on level 12 of the Dungeon.
             The game lasted 01:15:10 (15929 turns).

greenreed the Summoner (Gnoll Summoner)            Turns: 15929, Time: 01:15:14

Health: -2/91      AC: 13    Str:  6    XL:     12   Next: 53%
Magic:  29/34      EV: 17    Int: 22    God:    Nemelex Xobeh [****..]
Gold:   1101       SH:  0    Dex: 16    Spells: 9/29 levels left

rFire   . . .      SeeInvis +   R - +5 spear
rCold   + + +      Faith    +   (no shield)
rNeg    . . .      Spirit   .   V - +4 skin of Zhor {*Englaciate rC+++ SInv}
rPois   .          Reflect  .   (no helmet)
rElec   .          Harm     .   k - +1 cloak
rCorr   .          Rampage  .   q - +0 pair of gloves
Will    .....                   J - +0 pair of boots
Stlth   ++........              w - amulet of faith
HPRegen 0.25/turn               c - ring of wizardry
MPRegen 0.24/turn               D - ring of magical power

@: very slow
A: fangs 1, strong nose, distributed training, iridescent scales 1, agile 1,
clever 1, wild magic 1
a: Renounce Religion, Draw Escape, Draw Destruction, Draw Summoning, Triple
Draw, Deal Four


You were on level 12 of the Dungeon.
You worshipped Nemelex Xobeh.
Nemelex Xobeh was greatly pleased with you.
You visited 2 branches of the dungeon, and saw 13 of its levels.

You collected 1101 gold pieces.

Inventory:

Hand Weapons
 P - a +0 arbalest
 R - a +5 spear (weapon)
Missiles
 a - 7 throwing nets
 r - 19 poisoned darts
 X - 4 atropa-tipped darts
Armour
 k - a +1 cloak (worn)
 q - a +0 pair of gloves (worn)
 J - a +0 pair of boots (worn)
 V - the +4 skin of Zhor (worn) {*Englaciate rC+++ SInv}
   (You found it on level 8 of the Dungeon)

   It radiates cold, occasionally slowing all nearby creatures who are not
   resistant to cold.
   rC:        It renders you almost immune to cold.
   SInv:      It lets you see invisible.
Magical Staves
 y - a staff of conjuration
Jewellery
 c - a ring of wizardry (left hand)
 d - a ring of protection from cold
 n - a ring of willpower
 p - a ring of ice
 s - a ring of resist corrosion
 w - an amulet of faith (around neck)
 B - a ring of protection from cold
 D - a ring of magical power (right hand)
Wands
 g - a wand of acid (5)
 F - a wand of mindburst (5)
 H - a wand of flame (26)
 M - a wand of polymorph (15)
 S - a wand of iceblast (6)
 Y - a wand of paralysis (6)
Scrolls
 e - a scroll of acquirement {unknown}
 f - 8 scrolls of teleportation
 h - a scroll of magic mapping {unknown}
 i - a scroll of brand weapon {unknown}
 l - 3 scrolls of enchant weapon
 t - a scroll of fear {unknown}
 u - a scroll of blinking
 G - 2 scrolls of fog
 K - 2 scrolls of enchant armour {unknown}
 L - 2 scrolls of poison
 N - a scroll of noise {unknown}
 O - a scroll of amnesia {unknown}
 Q - 2 scrolls of silence {unknown}
 T - a scroll of summoning {unknown}
 U - 2 scrolls of vulnerability {unknown}
 W - 2 scrolls of immolation {unknown}
Potions
 b - a potion of magic
 j - 3 potions of might {unknown}
 m - a potion of mutation
 o - 4 potions of brilliance
 v - 2 potions of resistance {unknown}
 x - 4 potions of heal wounds
 z - a potion of flight {unknown}
 A - 7 potions of curing
 C - 2 potions of ambrosia {unknown}
 I - 3 potions of haste
 Z - a potion of cancellation {unknown}
Miscellaneous
 E - a tin of tremorstones (2/2)


   Skills:
 + Level 7.4 Fighting
 + Level 7.4 Short Blades
 + Level 7.4 Long Blades
 + Level 7.4 Axes
 + Level 7.4 Maces & Flails
 + Level 7.4 Polearms
 + Level 7.4 Staves
 + Level 7.4 Slings
 + Level 7.4 Bows
 + Level 7.4 Crossbows
 + Level 7.4 Throwing
 + Level 7.4 Armour
 + Level 8.8 Dodging
 + Level 8.5 Stealth
 + Level 7.4 Shields
 + Level 7.4 Unarmed Combat
 + Level 9.0 Spellcasting
 + Level 6.1 Conjurations
 + Level 6.1 Hexes
 + Level 9.5 Summonings
 + Level 6.1 Necromancy
 + Level 6.1 Translocations
 + Level 6.1 Transmutations
 + Level 6.1 Fire Magic
 + Level 6.1 Ice Magic
 + Level 6.1 Air Magic
 + Level 6.1 Earth Magic
 + Level 6.1 Poison Magic
 + Level 8.1 Invocations
 + Level 7.4 Evocations


You had 9 spell levels left.
You knew the following spells:

 Your Spells              Type           Power      Damage    Failure   Level
a - Summon Small Mammal   Summ           100%       N/A       1%          1
b - Call Imp              Summ           61%        N/A       1%          2
c - Call Canine Familiar  Summ           61%        N/A       1%          3
d - Summon Guardian Gole  Hex/Summ       55%        N/A       1%          3
e - Summon Lightning Spi  Summ/Air       55%        N/A       1%          4
f - Passwall              Tmut/Erth      40%        N/A       1%          2
g - Lee's Rapid Deconstr  Erth           24%        3d14*     9%          5

Your spell library contained the following spells:

 Spells                   Type           Power      Damage    Failure   Level
 Slow                     Hex            100%       N/A       1%          1
 Ensorcelled Hibernation  Hex/Ice        96%        N/A       1%          2
 Confusing Touch          Hex            48%        N/A       1%          3
 Portal Projectile        Hex/Tloc       96%        N/A       1%          3
 Swiftness                Air            48%        N/A       1%          3
 Vampiric Draining        Necr           48%        2d9       1%          3
 Leda's Liquefaction      Hex/Erth       24%        N/A       3%          4
 Statue Form              Tmut/Erth      32%        N/A       38%         6


Dungeon Overview and Level Annotations

Branches:
Dungeon (12/15)            Temple (1/1) D:6            Lair (0/6) D:11
    Orc (0/2) D:10

Altars:
Ashenzari
Cheibriados
Dithmenos
Elyvilon
Fedhas
Gozag
Hepliaklqana
Kikubaaqudgha
Makhleb
Nemelex Xobeh
Okawaru
Qazlal
Ru
Sif Muna
Trog
Uskayaw
Vehumet
Wu Jian
Xom
Yredelemnul
Zin
The Shining One

Portals:
Trove: D:12 (give +7 demon whip)

Annotations:
D:3 2 transporters, bchevrier's ghost, amateur GnWr
D:9 3 runed translucent doors, DocClef's ghost, novice GnDe
D:12 Josephine


Innate Abilities, Weirdness & Mutations

You have very sharp teeth.
Your uncanny sense of smell can sniff out nearby items.
Your experience applies equally to all skills.
You are partially covered in iridescent scales. (AC +2)
You are agile. (Dex +4, Int/Str-1)
Your mind is acute. (Int +4, Str/Dex-1)
Your spells are a little harder to cast, but a little more powerful.


Message History

Casting: Summon Lightning Spire (mildly dangerous; 1% risk of failure)
Confirm with . or Enter, or press ? or * to list all spells.
What are your orders? t - Bark!
Orders for allies: a - Attack new target. p - Attack previous target. r - Retreat! s - Stop attacking. g - Guard the area. f - Follow me.
Anything else - Cancel.
Gang up on whom?
Press: ? - help, Dir - move target, f/p - water nymph
Aim: a water nymph (almost dead, ally target) Attack!
Your warg bites the water nymph!
The water nymph dies!
The electric eel flops around on dry land!
The electric eel dives back into the water!
Your warg misses the water nymph.
The merfolk aquamancer gestures at you while chanting.
The torrent of water hits you!!!
The wave splashes down.
Splash!
You fall into the shallow water.
Moving in this stuff is going to be slow.
The water nymph touches your warg. The water nymph drowns your warg!
Your warg bites the water nymph!
You hear a bellow! x5
You radiate an aura of cold.
Your warg seems to slow down.
The wraith is unaffected.
The water nymph resists.
The wraith is unaffected.
The merfolk aquamancer seems to slow down.
The electric eel seems to slow down.
Your lightning spire is unaffected.
The water nymph closely misses your warg.
Your warg closely misses the water nymph.
The merfolk aquamancer points at you and mumbles some strange words.
The ball of steam hits you!
* * * LOW HITPOINT WARNING * * *
The water nymph points at you and mumbles some strange words.
The water swirls and strikes you!!
You die...
Your body glows with a rainbow of weird colours and disappears.

.. #.≈≈≈# .#..
#.#.≈≈≈##.#..
#..8≈≈≈......
##.####mS≈...##. ...##
#†m≈...... . .....
#≈h≈W...#. .
......#§≈W...... . .
......#§≈....#.....##+##
......#@≈≈..##..........
#..§##### #.#.......
..#.#.).#######.........
............##........##
........................
.....................###
......##...........#####
......#.................
......#...####..........


You could see a water nymph (ally target), 2 wraiths, an electric eel (slow) and
a friendly warg (summoned, slow).

Vanquished Creatures
  An unseen horror (D:9)
  2 gargoyles
  A shadow (D:10)
  A spriggan (D:8)
  A fire elemental (D:10)
  An ice beast (D:8)
  A sky beast (D:8)
  An orc warrior (D:10)
  3 ogres (D:10)
  2 wyvern zombies (D:6)
  A gnoll sergeant (D:9)
  A scorpion (D:5)
  A killer bee (D:8)
  2 spriggan skeletons (D:9)
  A howler monkey (D:8)
  A centaur zombie (D:6)
  2 orc priests (D:10)
  A centaur skeleton (D:6)
  An iron imp (D:4)
  An orc wizard (D:9)
  4 gnolls
  An adder (D:3)
  2 dart slugs
  12 orcs
  4 endoplasms
  3 giant cockroaches
  3 goblins
  3 hobgoblins
  2 jackals
  3 kobolds
  3 quokkas
  5 ball pythons
  4 bats
  A frilled lizard (D:3)
  5 rats
81 creatures vanquished.

Vanquished Creatures (collateral kills)
  A boulder beetle (D:11)
  Harold (D:10)
  2 death yaks (D:11)
  Lodul (D:10)
  A cyclops (D:11)
  Maurice (D:10)
  A water nymph (D:12)
  A rime drake (D:8)
  A komodo dragon (D:11)
  A troll (D:9)
  An air elemental (D:10)
  A vampire (D:10)
  3 spriggans (D:8)
  A wyvern (D:8)
  2 wraiths
  4 yaks (D:10)
  Eustachio (D:6)
  4 vampire mosquitoes
  An acid dragon (D:9)
  2 water moccasins
  Duvessa (D:7)
  A swamp drake (D:10)
  An orc warrior (D:8)
  A black bear (D:5)
  A hornet zombie (D:6)
  7 ogres
  A centaur (D:12)
  2 phantoms (D:6)
  2 kobold brigands
  4 bullfrogs
  A necrophage (D:7)
  2 wyvern zombies (D:6)
  An earth elemental (D:10)
  A gnoll sergeant (D:8)
  4 scorpions
  A wight (D:8)
  Dowan (D:7)
  2 killer bees (D:8)
  3 spriggan skeletons (D:9)
  A howler monkey (D:10)
  2 jellies (D:5)
  A troll skeleton (D:9)
  2 bullfrog zombies (D:6)
  2 centaur zombies (D:6)
  Crazy Yiuf (D:7)
  3 orc priests
  A bullfrog skeleton (D:6)
  A gnoll shaman (D:4)
  4 hounds
  3 centaur skeletons (D:6)
  4 iguanas
  2 iron imps (D:4)
  A hell rat (D:11)
  9 orc wizards
  A killer bee zombie (D:6)
  A howler monkey zombie (D:6)
  7 gnolls
  3 adders
  A howler monkey skeleton (D:6)
  2 river rats (D:11)
  A shadow imp (D:6)
  3 white imps
  2 ufetubi
  A worm (D:2)
  A dart slug (D:3)
  23 orcs
  6 endoplasms
  5 goblins
  4 hobgoblins
  8 jackals
  19 kobolds
  5 quokkas
  5 ball pythons
  3 bats
  3 frilled lizards
  11 rats
220 creatures vanquished.

Vanquished Creatures (others)
  Snorg (D:10)
  A death yak (D:11)
  An ugly thing (D:11)
  A rime drake (D:8)
  A troll (D:11)
  2 wraiths (D:12)
  A water elemental (D:10)
  5 spriggans (D:8)
  2 yaks (D:10)
  3 vampire mosquitoes (D:10)
  A steam dragon (D:8)
  An ogre (D:10)
  2 bullfrogs (D:8)
  3 wights (D:8)
  A gnoll shaman (D:8)
  An orc (D:8)
  15 plants
  2 withered plants (D:6)
44 creatures vanquished.

Grand Total: 345 creatures vanquished

Notes
Turn   | Place    | Note
-------+----------+-------------------------------------------
     0 | D:1      | greenreed the Gnoll Summoner began the quest for the Orb.
     0 | D:1      | Reached XP level 1. HP: 13/13 MP: 6/6
   205 | D:1      | Reached XP level 2. HP: 14/19 MP: 3/7
   418 | D:1      | Found a faded altar of an unknown god.
   478 | D:1      | Learned a level 2 spell: Call Imp
   712 | D:1      | Reached XP level 3. HP: 25/25 MP: 6/9
   999 | D:1      | Reached skill level 5 in Spellcasting
  1278 | D:2      | Learned a level 3 spell: Call Canine Familiar
  1353 | D:2      | Reached skill level 1 in Invocations
  1773 | D:2      | Reached skill level 1 in Fighting
  1773 | D:2      | Reached skill level 1 in Short Blades
  1773 | D:2      | Reached skill level 1 in Long Blades
  1773 | D:2      | Reached skill level 1 in Axes
  1773 | D:2      | Reached skill level 1 in Maces & Flails
  1773 | D:2      | Reached skill level 1 in Polearms
  1773 | D:2      | Reached skill level 1 in Staves
  1773 | D:2      | Reached skill level 1 in Slings
  1773 | D:2      | Reached skill level 1 in Bows
  1773 | D:2      | Reached skill level 1 in Crossbows
  1773 | D:2      | Reached skill level 1 in Throwing
  1773 | D:2      | Reached skill level 1 in Armour
  1773 | D:2      | Reached skill level 1 in Shields
  1773 | D:2      | Reached skill level 1 in Unarmed Combat
  1773 | D:2      | Reached skill level 1 in Evocations
  2029 | D:2      | Reached XP level 4. HP: 32/32 MP: 8/11
  2770 | D:3      | Noticed bchevrier's ghost (amateur GnWr)
  2774 | D:3      | Found a transporter.
  2784 | D:3      | Found a transporter.
  2843 | D:3      | Reached skill level 1 in Conjurations
  2843 | D:3      | Reached skill level 1 in Hexes
  2843 | D:3      | Reached skill level 1 in Necromancy
  2843 | D:3      | Reached skill level 1 in Translocations
  2843 | D:3      | Reached skill level 1 in Transmutations
  2843 | D:3      | Reached skill level 1 in Fire Magic
  2843 | D:3      | Reached skill level 1 in Ice Magic
  2843 | D:3      | Reached skill level 1 in Air Magic
  2843 | D:3      | Reached skill level 1 in Earth Magic
  2843 | D:3      | Reached skill level 1 in Poison Magic
  2980 | D:3      | Reached XP level 5. HP: 27/37 MP: 6/12
  3107 | D:2      | Learned a level 3 spell: Summon Guardian Golem
  3112 | D:2      | Learned a level 4 spell: Summon Lightning Spire
  3887 | D:3      | Noticed a kobold brigand
  3896 | D:3      | Killed a kobold brigand
  3897 | D:3      | Reached skill level 5 in Dodging
  3897 | D:3      | Reached XP level 6. HP: 44/44 MP: 9/14
  4641 | D:4      | Reached XP level 7. HP: 50/50 MP: 6/15
  5440 | D:4      | Found a burning altar of Makhleb.
  5619 | D:5      | Entered Level 5 of the Dungeon
  5675 | D:5      | Reached skill level 5 in Stealth
  5885 | D:5      | Reached XP level 8. HP: 54/57 MP: 13/16
  6791 | D:6      | Found a staircase to the Ecumenical Temple.
  6802 | Temple   | Entered the Ecumenical Temple
  7228 | Temple   | Became a worshipper of Nemelex Xobeh the Trickster
  7498 | D:6      | Reached XP level 9. HP: 65/65 MP: 18/18
  8158 | D:6      | Noticed Eustachio
  8172 | D:6      | Killed Eustachio
  8508 | D:7      | Found a runed translucent door.
  8509 | D:7      | Noticed Crazy Yiuf
  8515 | D:7      | Killed Crazy Yiuf
  8704 | D:7      | Noticed Duvessa
  8708 | D:7      | Noticed Dowan
  8726 | D:7      | Killed Duvessa
  8736 | D:7      | Killed Dowan
  8762 | D:7      | Reached * piety under Nemelex Xobeh
  8986 | D:7      | Received a gift from Nemelex Xobeh
  9303 | D:7      | Reached skill level 5 in Invocations
  9378 | D:8      | Noticed a rime drake
  9381 | D:8      | Noticed a rime drake
  9545 | D:8      | Noticed a rime drake
  9546 | D:8      | Found the +4 skin of Zhor {*Englaciate rC+++ SInv}
  9822 | D:8      | Reached XP level 10. HP: 73/73 MP: 12/20
  9929 | D:8      | Reached skill level 5 in Fighting
  9929 | D:8      | Reached skill level 5 in Short Blades
  9929 | D:8      | Reached skill level 5 in Long Blades
  9929 | D:8      | Reached skill level 5 in Axes
  9929 | D:8      | Reached skill level 5 in Maces & Flails
  9929 | D:8      | Reached skill level 5 in Polearms
  9929 | D:8      | Reached skill level 5 in Staves
  9929 | D:8      | Reached skill level 5 in Slings
  9929 | D:8      | Reached skill level 5 in Bows
  9929 | D:8      | Reached skill level 5 in Crossbows
  9929 | D:8      | Reached skill level 5 in Throwing
  9929 | D:8      | Reached skill level 5 in Armour
  9929 | D:8      | Reached skill level 5 in Shields
  9929 | D:8      | Reached skill level 5 in Unarmed Combat
  9929 | D:8      | Reached skill level 5 in Evocations
 10440 | D:8      | Reached ** piety under Nemelex Xobeh
 11365 | D:9      | Identified the +3 leather armour "Xaedur" {Regen+ rCorr
                  | Dex+2}
 11553 | D:9      | Noticed an unseen horror
 11615 | D:9      | Killed an unseen horror
 11616 | D:9      | Reached XP level 11. HP: 81/81 MP: 19/22
 11690 | D:9      | Learned a level 2 spell: Passwall
 12095 | D:9      | Found a runed translucent gate.
 12096 | D:9      | Found a runed translucent gate.
 12097 | D:9      | Found a runed translucent gate.
 12120 | D:9      | Noticed DocClef's ghost (novice GnDe)
 12268 | D:9      | Received a gift from Nemelex Xobeh
 12467 | D:10     | Entered Level 10 of the Dungeon
 12540 | D:10     | Reached *** piety under Nemelex Xobeh
 12631 | D:10     | Noticed Snorg
 12643 | D:10     | Killed Snorg
 12644 | D:10     | Reached skill level 5 in Conjurations
 12644 | D:10     | Reached skill level 5 in Hexes
 12644 | D:10     | Reached skill level 5 in Necromancy
 12644 | D:10     | Reached skill level 5 in Translocations
 12644 | D:10     | Reached skill level 5 in Transmutations
 12644 | D:10     | Reached skill level 5 in Fire Magic
 12644 | D:10     | Reached skill level 5 in Ice Magic
 12644 | D:10     | Reached skill level 5 in Air Magic
 12644 | D:10     | Reached skill level 5 in Earth Magic
 12644 | D:10     | Reached skill level 5 in Poison Magic
 12644 | D:10     | Noticed Harold
 12660 | D:10     | Killed Harold
 12741 | D:10     | Found a large runed translucent door.
 12742 | D:10     | Found a large runed translucent door.
 12983 | D:10     | Noticed Maurice
 13003 | D:10     | Killed Maurice
 13114 | D:10     | Noticed Lodul
 13129 | D:10     | Paralysed by Lodul for 2 turns
 13166 | D:10     | Killed Lodul
 13314 | D:10     | Found a staircase to the Orcish Mines.
 14117 | D:10     | Learned a level 5 spell: Lee's Rapid Deconstruction
 14123 | D:10     | Found a hazy altar of Hepliaklqana.
 14193 | D:10     | Found a faded altar of an unknown god.
 14377 | D:10     | Paralysed by an air elemental for 1 turns
 14380 | D:10     | Reached XP level 12. HP: 84/88 MP: 6/24
 14636 | D:11     | Gained mutation: Your spells are a little easier to cast,
                  | but a little less powerful. [potion of mutation]
 14636 | D:11     | Gained mutation: You passively map a small area around you.
                  | [potion of mutation]
 14636 | D:11     | Gained mutation: You are covered in fur. (AC +1) [potion of
                  | mutation]
 14637 | D:11     | Lost mutation: You passively map a small area around you.
                  | [potion of mutation]
 14637 | D:11     | Lost mutation: You are covered in fur. (AC +1) [potion of
                  | mutation]
 14637 | D:11     | Lost mutation: Your spells are a little easier to cast, but
                  | a little less powerful. [potion of mutation]
 14637 | D:11     | Gained mutation: You are partially covered in iridescent
                  | scales. (AC +2) [potion of mutation]
 14637 | D:11     | Gained mutation: You are agile. (Dex +4, Int/Str-1) [potion
                  | of mutation]
 14637 | D:11     | Gained mutation: Your mind is acute. (Int +4, Str/Dex-1)
                  | [potion of mutation]
 14637 | D:11     | Gained mutation: Your spells are a little harder to cast,
                  | but a little more powerful. [potion of mutation]
 14703 | D:11     | Noticed a boulder beetle
 14727 | D:11     | Killed a boulder beetle
 14932 | D:11     | Received a gift from Nemelex Xobeh
 14932 | D:11     | Found a staircase to the Lair.
 14932 | D:11     | Noticed a death yak
 14960 | D:11     | Noticed a death yak
 14963 | D:11     | Noticed a death yak
 14983 | D:11     | Killed a death yak
 14984 | D:11     | Killed a death yak
 14990 | D:11     | Killed a death yak
 15136 | D:11     | Reached **** piety under Nemelex Xobeh
 15749 | D:12     | Received a gift from Nemelex Xobeh
 15762 | D:12     | Found a portal to a secret trove of treasure.
 15766 | D:12     | Identified the +4 ring mail of Somewhere Else {Will+
                  | Regen+}
 15911 | D:12     | Noticed a merfolk aquamancer
 15919 | D:12     | Noticed Josephine
 15929 | D:12     | Killed from afar by a water nymph

Illustrated notes

Levels and vault maps discovered:
D:1:      elethiomel_arrival_infinity_welcomes_careful_drivers, layout_basic,
          shapermc_ecumenical_altar_flowoftime, serial_bayou_ford_a
D:2:      wad_river_or_something, layout_basic, hangedman_feature_mirror,
          minmay_circle_x
D:3:      cheibrodos_thug_alley, layout_basic, serial_bayou,
          serial_bayou_pond_d, serial_bayou_pond_a, serial_bayou_lagoon_a,
          serial_bayou_crossing, gammafunk_ghost_arena, minmay_quadrilaterals
D:4:      layout_basic, demons_altar, minmay_misc_feat_rows
D:5:      layout_gridville, mrwooster_statue_mirror
D:6:      minmay_spotlight, layout_loops_corners, minmay_temple_entry_ruins,
          serial_undead, serial_undead_d, serial_undead_f, serial_undead_d,
          serial_undead_f, serial_undead_a, serial_undead_e, uniq_eustachio
D:7:      layout_loops_ring, uniq_duvessa, uniq_crazy_yiuf_cottage
D:8:      kb_forest_paths, layout_loops_corners, hellmonk_guarded_unrand_zhor
D:9:      layout_loops_cross, gammafunk_ghost_necromancy,
          hangedman_decor_lopped, grunt_decor_one_mirror, skrybe_limestone_x,
          hangedman_tell_no_tales
D:10:     layout_stronghold, beargit_hepliaklqana_dungeon_heroes, erik_orc_1,
          lightli_elemental_guards, uniq_snorg, uniq_maurice, uniq_lodul,
          uniq_harold
D:11:     layout_basic, dpeg_lair_monsters
D:12:     layout_basic, serial_shops, nicolae_take_the_stairs, enter_trove_1,
          nicolae_splish_splash, uniq_josephine
Temple:   mainiacjoe_temple_big_plus

Skill      XL: |  1  2  3  4  5  6  7  8  9 10 11 12 |
---------------+-------------------------------------+-----
Spellcasting   | 5 6 7 8 9 |  9.0
Invocations    | 1 2 3 4 5 6 7 8 |  8.1
Fighting       | 1 2 3 4 5 6 7 |  7.4
Short Blades   | 1 2 3 4 5 6 7 |  7.4
Long Blades    | 1 2 3 4 5 6 7 |  7.4
Axes           | 1 2 3 4 5 6 7 |  7.4
Maces & Flails | 1 2 3 4 5 6 7 |  7.4
Polearms       | 1 2 3 4 5 6 7 |  7.4
Staves         | 1 2 3 4 5 6 7 |  7.4
Slings         | 1 2 3 4 5 6 7 |  7.4
Bows           | 1 2 3 4 5 6 7 |  7.4
Crossbows      | 1 2 3 4 5 6 7 |  7.4
Throwing       | 1 2 3 4 5 6 7 |  7.4
Armour         | 1 2 3 4 5 6 7 |  7.4
Shields        | 1 2 3 4 5 6 7 |  7.4
Unarmed Combat | 1 2 3 4 5 6 7 |  7.4
Evocations     | 1 2 3 4 5 6 7 |  7.4
Conjurations   | 1 2 3 4 5 6 |  6.1
Hexes          | 1 2 3 4 5 6 |  6.1
Necromancy     | 1 2 3 4 5 6 |  6.1
Translocations | 1 2 3 4 5 6 |  6.1
Transmutations | 1 2 3 4 5 6 |  6.1
Fire Magic     | 1 2 3 4 5 6 |  6.1
Ice Magic      | 1 2 3 4 5 6 |  6.1
Air Magic      | 1 2 3 4 5 6 |  6.1
Earth Magic    | 1 2 3 4 5 6 |  6.1
Poison Magic   | 1 2 3 4 5 6 |  6.1
Dodging        | 5 6 7 8 |  8.8
Stealth        | 5 6 7 8 |  8.5
Summonings     | 8 9 |  9.5

Action                   |  1- 3 |  4- 6 |  7- 9 | 10-12 || total
-------------------------+-------+-------+-------+-------++-------
Melee: Trident           |    46 |    54 |   135 |     3 ||   238
       Bite              |       |     3 |    10 |    24 ||    37
       Punch             |       |     1 |     3 |     9 ||    13
       Spear             |       |       |       |   288 ||   288
 Fire: Arbalest          |       |       |       |     1 ||     1
 Cast: Summon Small Mamm |    29 |       |     1 |     1 ||    31
       Call Imp          |     6 |    11 |    20 |    17 ||    54
       Call Canine Famil |     3 |    10 |    33 |    41 ||    87
       Summon Lightning  |       |     3 |    16 |    40 ||    59
       Summon Guardian G |       |       |     6 |    23 ||    29
       Lee's Rapid Decon |       |       |       |     6 ||     6
       Passwall          |       |       |       |     1 ||     1
  Use: Scroll            |       |     1 |     6 |     4 ||    11
       Potion            |       |       |       |     2 ||     2
 Stab: Sleeping          |     8 |     5 |     4 |     7 ||    24
       Distracted        |       |     1 |     5 |     8 ||    14
       Confused          |       |       |       |     2 ||     2
Armor: Robe              |     3 |    15 |    48 |     5 ||    71
       Animal skin       |       |       |       |    43 ||    43
Dodge: Dodged            |    26 |    35 |   116 |   107 ||   284

Table legend: (Time is in decaauts)
 A = Elapsed time spent in this place.
 B = Non-inter-level travel time spent in this place.
 C = Inter-level travel time spent in this place.
 D = Time resting spent in this place.
 E = Time spent auto-exploring this place.
 F = Levels seen in this place.
 G = Mean time per level.
                   A        B        C        D        E       F      G
               +--------+--------+--------+--------+--------+-----+--------+
         Total |  15936 |  15377 |    559 |    462 |  11513 |  13 | 1225.8 |
       Dungeon |  15477 |  14982 |    495 |    462 |  11131 |  12 | 1289.8 |
        Temple |    459 |    395 |     64 |      0 |    382 |   1 |  459.0 |
               +--------+--------+--------+--------+--------+-----+--------+

Top non-repeatable levels by time:
    D:10: 2040 daAuts
     D:8: 1928 daAuts
     D:3: 1806 daAuts
     D:2: 1602 daAuts
     D:6: 1276 daAuts
     D:1: 1162 daAuts
    D:11: 1154 daAuts
     D:7: 1120 daAuts
     D:4: 1117 daAuts
     D:9: 1076 daAuts
     D:5: 963 daAuts
  Temple: 459 daAuts
    D:12: 229 daAuts
